Unix NetHack Version 5.0.0-0 post-release - last build May 17 2026 04:57:42 (dc50c8380fa5e20985bfe3072449f57b8d9895ef,branch:main).

Game began 2026-05-18 19:17:35, ended 2026-05-18 19:43:43.

Brudee, chaotic female human Wizard

                        -----
                        |...
                        |...-----
                        +...|+++|
       ---------        |...|+++|
       |........        |...|... -+-
       |.......|        |...-|---(.|
       |.<......#       |..........|                   |
       ---------##      |........{.-----+-          ...|
                 #      |..............................|
                 #      |...---+-...........--+-+---   |
                 ##**# #|...|..@|------- ----
                     ###....|(((|
                       #|...|(.f|
                        |...-----
                        |....
                        ------

Brudee the Conjurer       St:10 Dx:13 Co:12 In:17 Wi:14 Ch:10  Chaotic S:1298
Dlvl:6  $:0  HP:0(33) Pw:46(54) AC:3  Xp:5/262 T:2316  Weak    

Latest messages:
 What do you want to wear? [bT or ?*] ?
 You can see yourself!
 You are now wearing a mummy wrapping.
 "Hello, Brudee!  Welcome to Renrut's hardware store!"
 You see here a chest (for sale, 2162 zorkmids).
 Sparky picks up an oil lamp.
 You see here a whistle (for sale, 13 zorkmids).
 You see here an oil lamp (for sale, 13 zorkmids).
 You see here a looking glass (for sale, 13 zorkmids).
 You see here a leash (for sale, 27 zorkmids).
 You see here a chest (for sale, 2162 zorkmids).
 Hmmm, the chest turns out to be locked.
 Unlock it with your lock pick? [ynq] (q) q
 The chest is locked.
 Unlock it with your lock pick? [ynq] (q) y
 You succeed in picking the lock.
 You see here a whistle (for sale, 13 zorkmids).
 You see here an unlocked chest containing 6 items (for sale, 2042 zorkmids).
 The wand of cold will cost you 233 zorkmids.
 o - a wand of cold (unpaid, 233 zorkmids).
 You see here a whistle (for sale, 13 zorkmids).
 You see here a looking glass (for sale, 13 zorkmids).
 What do you want to remove? [*] ?
 What do you want to remove? [*] <space>
 Never mind.
 What do you want to take off? [HJKT or ?*] ?
 You can no longer see yourself.
 You were wearing a +0 mummy wrapping.
 You see here an oil lamp (for sale, 13 zorkmids).
 What do you want to wear? [bT or ?*] ?
 You are now wearing a cloak of magic resistance.
 In what direction? u
 The door closes.
 You see here an oil lamp (for sale, 13 zorkmids).
 You see here a looking glass (for sale, 13 zorkmids).
 You see here a looking glass (for sale, 13 zorkmids).
 What do you want to zap? [coS or ?*] ?
 "Usage fee, 58 zorkmids."
 In what direction? u
 The bolt of cold misses Renrut.
 The bolt of cold bounces!
 The bolt of cold misses Renrut.
 The bolt of cold hits you!
 The bolt of cold bounces!
 The bolt of cold hits you!
 Your clear potion freezes and shatters!
 You die...
 Renrut comes and takes all your possessions.
 Do you want to see what you had when you died? [ynq] (y) y
 Do you want to see your attributes? [ynq] (y) q

Inventory:
 Weapons  (')')
  Y - 10 blessed +0 darts
  u - 9 +0 darts
  R - a cursed +0 dagger
  z - a +0 elven dagger
  a - a blessed +1 quarterstaff (weapon in hands)
 Armor    ('[')
  J - an uncursed +0 dwarvish iron helm (being worn)
  H - a blessed +1 pair of leather gloves (being worn)
  K - an uncursed +0 pair of iron shoes (being worn)
  b - an uncursed +0 cloak of magic resistance (being worn)
  T - an uncursed +0 mummy wrapping
 Scrolls  ('?')
  j - a blessed scroll of create monster
  X - an uncursed scroll of fire
  Q - an uncursed scroll of identify
  B - a blessed scroll of light
  U - a cursed scroll of light
  W - a cursed scroll of teleportation
 Spellbooks  ('+')
  k - a blessed spellbook of force bolt
  l - an uncursed spellbook of light
 Potions  ('!')
  A - an uncursed potion of hallucination
  s - a blessed potion of healing
  O - an uncursed potion of healing
  f - an uncursed potion of levitation
  h - an uncursed potion of object detection
  g - an uncursed potion of oil
 Rings    ('=')
  e - an uncursed ring of protection from shape changers
  d - an uncursed ring of regeneration
 Wands    ('/')
  o - a wand of cold (0:7)
  c - a wand of cold (0:6)
  S - a wand of striking (0:2)
 Tools    ('(')
  n - an uncursed blindfold
  N - an uncursed lock pick
  m - a magic marker (0:19)
 Gems/Stones  ('*')
  Z - 2 uncursed worthless pieces of black glass
  i - an uncursed worthless piece of blue glass
  I - an uncursed worthless piece of green glass
  M - an uncursed worthless piece of orange glass
  E - 2 uncursed worthless pieces of red glass
  G - 2 uncursed worthless pieces of violet glass
  F - an uncursed worthless piece of yellow glass

Brudee the Wizard's attributes:

Background:
 You were a Conjurer, a level 5 female human Wizard.
 You were chaotic, on a mission for Anhur
 who was opposed by Ptah (lawful) and Thoth (neutral).
 You were right-handed.
 You were in the Gnomish Mines, on level 6.
 You entered the dungeon 2316 turns ago.
 There was a new moon in effect when your adventure ended.
 You had 262 experience points, 58 more were needed to attain level 6.
 Your score was 1298 before end-of-game adjustments.

Basics:
 You had 0 out of 33 hit points.
 You had 46 out of 54 energy points (spell power).
 Your armor class was 3.
 Your wallet was empty.
 Autopickup was on, but temporarily disabled while inside the shop.

Final Characteristics:
 Your strength was 10 (base:11, limit:18/100).
 Your dexterity was 13 (limit:18).
 Your constitution was 12 (limit:18).
 Your intelligence was 17 (limit:18).
 Your wisdom was 14 (limit:18).
 Your charisma was 10 (limit:18).

Final Status:
 You were weak from severe hunger.
 You were unencumbered.
 You were wielding a quarterstaff.
 You had basic skill with quarterstaff.

Final Attributes:
 You were piously aligned.
 You were magic-protected.
 You were invisible.
 You were warded.
 You are dead.

Miscellaneous:
 You didn't encounter any bones levels.
 Total elapsed playing time was 26 minutes and 7 seconds.

Major events:
 Turn
    1: Brudee the chaotic female human Wizard entered the dungeon
  389: entered the Gnomish Mines
  933: attained the rank of Conjurer (level 3)
 2260: reached Mine Town
 2316: killed by a bolt of cold zapped by herself

Spells:
 Name                 Level Category     Fail Retention
 force bolt             1   attack         0%   81%-90%
 light                  1   divination     0%  76%-100%

Skills:
 Fighting Skills
   bare handed combat [Unskilled]
   riding             [Unskilled]
 Weapon Skills
   dagger             [Unskilled]
   knife              [Unskilled]
   axe                [Unskilled]
   short sword        [Unskilled]
   club               [Unskilled]
   mace               [Unskilled]
   quarterstaff       [Basic]
   polearms           [Unskilled]
   spear              [Unskilled]
   trident            [Unskilled]
   sling              [Unskilled]
   dart               [Unskilled]
   shuriken           [Unskilled]
 Spellcasting Skills
   attack spells      [Basic]
   healing spells     [Unskilled]
   divination spells  [Unskilled]
   enchantment spells [Basic]
   clerical spells    [Unskilled]
   escape spells      [Unskilled]
   matter spells      [Unskilled]

Voluntary challenges:
 Character rerolling was not enabled.
 You never genocided any monsters.
 You never polymorphed an object.
 You never changed form.
 You used no wishes.
Achievements:
 You entered the Gnomish Mines.
 You entered a shop.
 You attained the rank of Conjurer.
 You entered Minetown.

 The Dungeons of Doom: levels 1 to 3
    Level 1:
    Level 2:
       A general store, an altar to Anhur, a grave.
       Stairs down to The Gnomish Mines.
    Level 3:
 The Gnomish Mines: levels 3 to 6
    Level 3:
    Level 4:
    Level 5:
    Level 6: <- You were here.
       Some shops, a fountain.
       Final resting place for
          you, killed by a bolt of cold zapped by yourself.


Vanquished creatures:
  2 gnome mummies
  a rock piercer
  3 gnome leaders
  a little dog
  6 dwarves
  a kobold shaman
  a giant bat
  3 iguanas
  2 hobbits
 25 gnomes
  2 jackals
  a kobold
  2 sewer rats
  3 grid bugs
  a bat
  2 lichens
  a kobold zombie
  3 newts
60 creatures vanquished.

No species were genocided or became extinct.

Game over:
                       ----------
                      /          \
                     /    REST    \
                    /      IN      \
                   /     PEACE      \
                  /                  \
                  |      Brudee      |
                  |       0 Au       |
                  | killed by a bolt |
                  |  of cold zapped  |
                  |    by herself    |
                  |                  |
                  |       2026       |
                 *|     *  *  *      | *
        _________)/\\_//(\/(/\)/\//\/|_)_______

Goodbye Brudee the Wizard...

You died in The Gnomish Mines on dungeon level 6 with 1298 points,
and 0 pieces of gold, after 2316 moves.
You were level 5 with a maximum of 33 hit points when you died.

